 Dungeon Crawl Stone Soup version 0.31.0-11-ge490571c62 (webtiles) character file.

Game seed: 13052301661736215672

77 Gadfly the Insei (level 4, 0/35 HPs)
             Began as a Demonspawn Monk on Feb 2, 2024.
             Slain by Terence
             ... wielding a +4 mace of protection
              (12 damage)
             ... on level 3 of the Dungeon.
             The game lasted 00:02:35 (1914 turns).

Gadfly the Insei (Demonspawn Monk)                  Turns: 1914, Time: 00:02:35

Health: 0/35       AC:  4    Str: 13    XL:     4   Next: 14%
Magic:  4/4        EV: 13    Int: 11    God:
Gold:   46         SH:  0    Dex: 15    Spells: 3/3 levels left

rFire   . .          .
                       - Unarmed
rCold   . . .        c - orb {light}
rNeg    . . .        a - +1 robe
rPois   .            (no helmet)
rElec   .            (no cloak)
rCorr   .            (no gloves)
SInv    .            d - +0 pair of boots
Will    .....        i - amulet of faith
Stlth   +            (no ring)
HPRegen 0.25/turn    (no ring)
MPRegen 0.09/turn

%: faith
@: glowing
A: ignite blood 1
a: no special abilities


You were on level 3 of the Dungeon.
You visited 1 branch of the dungeon, and saw 3 of its levels.

You collected 46 gold pieces.

Inventory:

Armour
 a - a +1 robe (worn)
 c - an orb of light (worn)
 d - a +0 pair of boots (worn)
Jewellery
 e - a ring of ice
 i - an amulet of faith (around neck)
Potions
 g - a potion of curing {unknown}


   Skills:
 - Level 3.0 Fighting
 + Level 3.0 Dodging
 * Level 3.3 Unarmed Combat
 * Level 1.8 Evocations
 * Level 1.4 Shapeshifting


You had 3 spell levels left.
You didn't know any spells.
Your spell library was empty.

Dungeon Overview and Level Annotations

Branches:
Dungeon (3/15)

Altars:

Shops:
D:1 (

Annotations:
D:3 Terence


Innate Abilities, Weirdness & Mutations

Your demonic aura sometimes causes spilled blood to erupt in flames.


Message History

You are too injured to fight recklessly!
You are too injured to fight recklessly!
You are too injured to fight recklessly!
You are too injured to fight recklessly!
You are too injured to fight recklessly!
You are too injured to fight recklessly!
You are too injured to fight recklessly!
You are too injured to fight recklessly!
You are too injured to fight recklessly!
You are too injured to fight recklessly!
You are too injured to fight recklessly!
You are too injured to fight recklessly!
Unknown command.
Terence attacks as he pursues you!
Terence hits you with a +4 mace of protection!
* * * LOW HITPOINT WARNING * * *
There is a stone staircase leading up here.
You hit Terence but do no damage.
Terence hits you with a +4 mace of protection.
* * * LOW HITPOINT WARNING * * *
Unknown command.
You are confused.
You feel invigorated. Terence misses you. Terence barely misses you.
You feel less invigorated.
You feel less confused.
You hit Terence but do no damage. Terence closely misses you.
You hit Terence but do no damage. Terence barely misses you.
You hit Terence but do no damage. Terence completely misses you.
You hit Terence but do no damage. Terence barely misses you.
You hit Terence but do no damage.
Terence hits you with a +4 mace of protection.
You hit Terence but do no damage. Terence misses you.
You completely miss Terence.
Terence hits you with a +4 mace of protection!
You hit Terence but do no damage. Terence misses you.
You hit Terence but do no damage.
Terence hits you with a +4 mace of protection!
You die...
Terence says, "That felt goooood."

# # . .## #.#.
..# .##.#. ..#
#.....### ###..#
........# #..).#
#.......#+#....#
#######.8.8..#
..........@@.+
?.#####..<...#
#......#
#.###### #.# #.#
#.. ###


You could see Terence.

Vanquished Creatures
  A gnoll (D:1)
  2 adders (D:2)
  2 ribbon worms (D:2)
  A dart slug (D:2)
  4 bats (D:1)
  4 endoplasms
  2 giant cockroaches
  6 goblins
  6 hobgoblins
  6 kobolds
  4 ball pythons (D:2)
  A frilled lizard (D:2)
  A rat (D:2)
40 creatures vanquished.

Notes
Turn   | Place    | Note
-------+----------+-------------------------------------------
     0 | D:1      | Gadfly the Demonspawn Monk began the quest for the Orb.
     0 | D:1      | Reached XP level 1. HP: 18/18 MP: 1/1
   188 | D:1      | You fall into a shaft and drop 1 floor!
   201 | D:2      | Gained mutation: Your demonic aura sometimes causes spilled
                  | blood to erupt in flames. [demonic ancestry]
   201 | D:2      | Reached XP level 2. HP: 18/24 MP: 2/2
   408 | D:1      | Reached skill level 1 in Evocations
   800 | D:1      | Reached skill level 1 in Shapeshifting
   800 | D:1      | Reached XP level 3. HP: 23/29 MP: 3/3
   932 | D:1      | Found Plog's Weapon Shop.
  1500 | D:2      | Reached XP level 4. HP: 31/35 MP: 4/4
  1889 | D:3      | Noticed Terence
  1914 | D:3      | Slain by Terence

Illustrated notes

Levels and vault maps discovered:
D:1:      shiori_arrival_oz, layout_basic, serial_shops,
          nicolae_shop_tiny_real_fake_doors
D:2:      layout_rooms, basic_altar, minmay_distorted
D:3:      layout_basic, dreamdust_ecumenical_altar_angels_and_demons,
          uniq_grinder, uniq_robin, uniq_terence

Skill      XL: |  1  2  3 |
---------------+----------+-----
Evocations     | 1 |  1.8
Unarmed Combat | 3 |  3.3
Shapeshifting  | 1 |  1.4
Dodging        | 3 |  3.0
Fighting       | |  3.0

Action                     |  1- 3 |  4- 6 || total
---------------------------+-------+-------++-------
  Melee: Unarmed           |   116 |    45 ||   161
    Use: Scroll            |     1 |     3 ||     4
         Potion            |       |     1 ||     1
 Armour: Robe              |    39 |    23 ||    62
  Dodge: Dodged            |    67 |    25 ||    92
